 Dungeon Crawl Stone Soup version 0.26.1-11-gd32895ea62 (webtiles) character file.

Game seed: 443091743721777308

117 Arsuriii the Poker (level 4, -5/40 HPs)
             Began as a Draconian Berserker on Apr 21, 2021.
             Was an Initiate of Cheibriados.
             Slain by a polar bear (11 damage)
             ... created by the rage of Trog
             ... on level 3 of the Dungeon.
             The game lasted 00:07:03 (2599 turns).

Arsuriii the Poker (Draconian Berserker)            Turns: 2599, Time: 00:07:06

Health: -5/40      AC: 10    Str: 15 (21) XL:     4   Next: 71%
Magic:  13/13      EV: 13    Int:  9      God:    Cheibriados [......]
Gold:   57         SH:  0    Dex: 11      Spells: 3/3 levels left

rFire    . . .     SeeInvis .   a - +0 spear
rCold    . . .     Faith    +   (no shield)
rNeg     . . .     Spirit   .   (armour unavailable)
rPois    .         Reflect  .   (helmet restricted)
rElec    .         Harm     .   (no cloak)
rCorr    .         Rampage  .   g - +2 pair of gloves
Will     .....                  m - +1 pair of boots
Stlth    +.........             q - amulet of faith
HPRegen  0.13/turn              k - ring of magical power
MPRegen  0.13/turn              (no ring)

@: very slow
A: unfitting armour, cold-blooded, AC +5
a: Renounce Religion, Bend Time


You were on level 3 of the Dungeon.
You worshipped Cheibriados.
Cheibriados was noncommittal.
You visited 1 branch of the dungeon, and saw 3 of its levels.

You collected 147 gold pieces.
You spent 90 gold pieces at shops.

Inventory:

Hand Weapons
 a - a +0 spear (weapon)
Armour
 g - a +2 pair of gloves (worn)
 h - a +0 ring mail
 i - a +1 robe of the Archmagi
 m - a +1 pair of boots (worn)
Jewellery
 k - a ring of magical power (left hand)
 o - an uncursed amulet of magic regeneration
 q - an amulet of faith (around neck)
Scrolls
 d - 4 scrolls of identify {unknown}
 e - a scroll of enchant weapon {unknown}
 f - 2 scrolls of enchant armour {unknown}
 j - a scroll of remove curse {unknown}
 l - 2 scrolls of teleportation {unknown}
 n - a scroll of random uselessness {unknown}
 p - a scroll of fog {unknown}
Potions
 b - a potion of haste {unknown}
 c - a potion of flight {unknown}
 r - a potion of curing
 s - a potion of attraction {unknown}


   Skills:
 + Level 4.0 Fighting
 + Level 4.2 Polearms
 + Level 3.6 Dodging
 + Level 0.3 Stealth


You had 3 spell levels left.
You didn't know any spells.
Your spell library was empty.

Dungeon Overview and Level Annotations

Branches:
Dungeon (3/15)

Altars:
Cheibriados
Hepliaklqana
Nemelex Xobeh
Zin


Innate Abilities, Weirdness & Mutations

Your plain brown scales are hard. (AC +5)
You cannot fit into any form of body armour.
You are cold-blooded and may be slowed by cold attacks.


Message History

You are no longer poisoned.
Found a chain mail.
Key pressed, stopping explore.
Trog sends monsters to punish you. 4 polar bears and a black bear come into view.
There are monsters nearby!
Unknown command.
The black bear bites you but does no damage.
The black bear misses you. The black bear barely misses you.
The polar bear bites you.
The polar bear claws you but does no damage. x2
The polar bear bites you! The polar bear barely misses you.
The polar bear claws you. The polar bear barely misses you. x2
The polar bear claws you but does no damage.
The polar bear bites you!
* * * LOW HITPOINT WARNING * * *
The polar bear claws you but does no damage.
The polar bear barely misses you. The polar bear bites you!
You die...

#........ #........
#..........#
#..........#
#..........##
#########.....[......
#...@hhh.............
#####h...............
#h.##............
#..##............
.....##.###.......
.[....#..##..#.....
.........(##..†......
...$.......#.#.####..
.........#...#.#.....


You could see 4 polar bears and a black bear (berserk).

Vanquished Creatures
  Jessica (D:2)
  4 adders
  An ooze (D:2)
  A worm (D:3)
  2 dart slugs
  2 leopard geckos
  5 bats
  6 hobgoblins
  4 jackals (D:3)
  A quokka (D:2)
  8 frilled lizards
  4 goblins
  2 kobolds
  6 rats
47 creatures vanquished.

Notes
Turn   | Place    | Note
-------+----------+-------------------------------------------
     0 | D:1      | Arsuriii the Draconian Berserker began the quest for the
                  | Orb.
     0 | D:1      | Reached XP level 1. HP: 19/19 MP: 1/1
   285 | D:1      | Reached XP level 2. HP: 25/26 MP: 2/2
   731 | D:2      | Reached ** piety under Trog
   796 | D:2      | Reached XP level 3. HP: 33/33 MP: 3/3
  1288 | D:2      | Noticed Jessica
  1301 | D:2      | Killed Jessica
  1308 | D:2      | Reached XP level 4. HP: 32/40 MP: 4/4
  1534 | D:2      | Found a sparkling altar of Nemelex Xobeh.
  1868 | D:3      | Found a snail-covered altar of Cheibriados.
  1970 | D:3      | Fell from the grace of Trog
  1970 | D:3      | Became a worshipper of Cheibriados the Contemplative
  2251 | D:3      | Found a hazy altar of Hepliaklqana.
  2300 | D:3      | Found a glowing silver altar of Zin.
  2302 | D:3      | Found Zin's Purification Station.
  2307 | D:3      | Bought a potion of curing for 90 gold pieces
  2597 | D:3      | Noticed a polar bear
  2597 | D:3      | Noticed a polar bear
  2597 | D:3      | Noticed a polar bear
  2597 | D:3      | Noticed a polar bear
  2597 | D:3      | Noticed a black bear
  2599 | D:3      | Slain by a polar bear

Illustrated notes

Levels and vault maps discovered:
D:1:      sevenhm_arrival_forest_fort_small_5, layout_basic
D:2:      layout_loops_corners, st_stairs_12, nemelex_spade_bored_becter,
          uniq_jessica
D:3:      layout_rooms, nzn_hepliaklqana_mist_gate, kennysheep_slug_shrine,
          zin_purify, uniq_ijyb

Skill      XL: |  1  2  3  4 |
---------------+-------------+-----
Dodging        | 3 |  3.6
Polearms       | 4 |  4.2
Fighting       | 4 |  4.0
Stealth        | |  0.3

Action                   |  1- 3 |  4- 6 || total
-------------------------+-------+-------++-------
Melee: Spear             |    98 |    69 ||   167
       Tailslap          |    15 |     6 ||    21
Invok: Berserk           |     1 |       ||     1
Armor: Skin              |    44 |    30 ||    74
Dodge: Dodged            |    60 |    69 ||   129
